 Dungeon Crawl Stone Soup version 0.19-a0-1937-g70ed36a (webtiles) character file.

1567 dobroeutro the Archer (level 8, -1/81 HPs)
             Began as a Centaur Hunter on Oct 26, 2016.
             Slain by a wight
             ... wielding a +3 scimitar
              (3 damage)
             ... on level 5 of the Dungeon.
             The game lasted 00:12:28 (6817 turns).

dobroeutro the Archer (Centaur Hunter)              Turns: 6817, Time: 00:12:28

Health: -1/81      AC:  8    Str: 19    XL:     8   Next: 59%
Magic:  7/7        EV:  8    Int: 15    God:
Gold:   312        SH:  0    Dex: 12    Spells: 0 memorised, 7 levels left

rFire  + . .     SeeInvis .     K - +1 mace of the Final Decision {drain, Str+4} (curse)
rCold  + . .     Gourm    .     C - +1 ring mail {rF+}
rNeg   . . .     Faith    .     (no shield)
rPois  .         Spirit   .     (helmet restricted)
rElec  .         Reflect  .     j - +0 cloak
rCorr  .         Harm     .     E - +0 pair of gloves
MR     .....                    (no barding)
Stlth  +.........               (no amulet)
                                F - ring of stealth
                                x - ring of protection from cold

@: brilliant, lethally poisoned (-1 -> -3), drained, very quick
A: hooves 3, horns 1, deformed body, speed 2, low mp 1, robust 1, tough skin 3
a: no special abilities


You were on level 5 of the Dungeon.
You were hungry.

You visited 1 branch of the dungeon, and saw 6 of its levels.

You collected 312 gold pieces.

Inventory:

Hand Weapons
 a - a +1 shortbow
 K - the cursed +1 mace of the Final Decision (weapon) {drain, Str+4}
   (You found it on level 5 of the Dungeon)

   A truly terrible weapon, it drains the life of those it strikes.
   It affects your strength (+4).
   It has a curse placed upon it.
Missiles
 d - 87 arrows
Armour
 c - a +0 leather armour
 j - a +0 cloak (worn)
 w - a +0 helmet
 C - a +1 ring mail of fire resistance (worn)
 E - a +0 pair of gloves (worn)
Jewellery
 x - a ring of protection from cold (left hand)
 F - a ring of stealth (right hand)
Scrolls
 g - 3 scrolls of remove curse {unknown}
 i - 9 scrolls of identify {unknown}
 l - a scroll of fog {unknown}
 n - a scroll of amnesia {unknown}
 o - 2 scrolls of enchant armour {unknown}
 y - a scroll of fear {unknown}
 G - a scroll of teleportation {unknown}
Potions
 e - 2 potions of agility {unknown}
 m - 2 potions of flight {unknown}
 p - a potion of mutation
 q - a potion of might {unknown}
 r - 2 potions of brilliance
 s - a potion of haste {unknown}
 t - a potion of berserk rage {unknown}
 u - 4 potions of heal wounds {unknown}
 z - 3 potions of curing {unknown}
 B - 2 potions of invisibility {unknown}
 D - a potion of cure mutation {unknown}
 H - a potion of resistance {unknown}
 I - a potion of ambrosia {unknown}
Books
 v - a book of Cantrips

   Spells                             Type                      Level
   a - Confusing Touch                Hexes                        1
   b - Animate Skeleton               Necromancy                   1
   c - Summon Small Mammal            Summoning                    1
   d - Apportation                    Translocation                1
Comestibles
 f - 4 bread rations
 h - 2 meat rations
 k - 11 fruits


   Skills:
 + Level 7.8(7.0) Fighting
 + Level 11.2(10.3) Bows
 - Level 1.3(0.6) Dodging
 - Level 0.4(0.0) Stealth


You had 7 spell levels left.
You didn't know any spells.

Dungeon Overview and Level Annotations

Branches:
Dungeon (6/15)
 Temple: D:4-7

Altars:
Ashenzari
Ru

Shops:
D:4 }

Annotations:
D:3 Soeti's ghost, amateur DgFi
D:4 HEYYEYAAE's ghost, novice TrBe


Innate Abilities, Weirdness & Mutations

You have hooves in place of feet.
Armour fits poorly on your strangely shaped body.
You cover ground very quickly.
You have extremely tough skin. (AC +3)
You have a pair of small horns on your head.
Your magical capacity is low. (-10% MP)
You are robust. (+10% HP)


Message History

The wight hits you with a flail.
You feel drained.
* * * LOW HITPOINT WARNING * * *
The wight closely misses you. The worker ant bites you.
* * * LOW HITPOINT WARNING * * *
You are poisoned.
The worker ant poisons you! The wight hits you but does no damage.
The wight hits you with a flail!
* * * LOW HITPOINT WARNING * * *
The wight barely misses you.
It was a potion of brilliance.
You feel clever all of a sudden.
You feel sick. The worker ant bites you.
* * * LOW HITPOINT WARNING * * *
The wight hits you with a falchion.
* * * LOW HITPOINT WARNING * * *
It was a potion of mutation.
You feel extremely strange.
You feel robust. A pair of horns grows on your head!
Your +0 helmet falls away!
The wight hits you with an enchanted scimitar.
You die...

.#
##..#######..###########.
.# #..# #..............
.# #..#####
#.#####.#.####. .#
#......# #.# #.#.# #. .#
##.###.###.#####.#.# #.
.# #.# #...........#.# #.
.##########.#
#####.#######.####.
..........#.#######.#
#......
#########......z@z..#
#####.. ###....z.a..# ###
###########


You could see a worker ant and 3 wights.

Vanquished Creatures
  2 sky beasts
  A phantom (D:5)
  An ogre (D:5)
  3 centaurs
  3 big kobolds (D:6)
  Blork the orc (D:6)
  A wight (D:5)
  5 crimson imps
  A bullfrog zombie (D:5)
  2 hounds
  A jelly (D:5)
  An orc priest (D:4)
  Crazy Yiuf (D:5)
  An orc wizard (D:4)
  4 worker ants
  Robin (D:2)
  6 adders
  A gnoll (D:1)
  2 oozes
  An adder skeleton (D:4)
  2 worms
  2 leopard geckos
  11 orcs
  A ball python (D:3)
  7 bats
  2 giant cockroaches
  14 goblins
  8 hobgoblins
  12 jackals
  9 kobolds
  3 quokkas
  3 frilled lizards
  A giant cockroach zombie (D:6)
  11 rats
125 creatures vanquished.

Notes
Turn   | Place    | Note
-------+----------+-------------------------------------------
     0 | D:1      | dobroeutro the Centaur Hunter began the quest for the Orb.
     0 | D:1      | Reached XP level 1. HP: 17/17 MP: 1/1
    32 | D:1      | Reached XP level 2. HP: 25/25 MP: 2/2
   436 | D:1      | Reached skill level 6 in Bows
   533 | D:2      | Reached XP level 3. HP: 21/30 MP: 3/3
  1261 | D:2      | Reached XP level 4. HP: 22/38 MP: 4/4
  1263 | D:2      | Found a faded altar of an unknown god.
  1446 | D:2      | Noticed Robin
  1716 | D:2      | Killed Robin
  2222 | D:3      | Reached skill level 7 in Bows
  2286 | D:3      | Noticed Soeti's ghost (amateur DgFi)
  2404 | D:3      | Reached XP level 5. HP: 39/46 MP: 5/5
  2735 | D:3      | Noticed a centaur
  2749 | D:3      | Killed a centaur
  3072 | D:4      | Found Suonepp's Gadget Emporium.
  3372 | D:4      | Reached XP level 6. HP: 33/53 MP: 6/6
  3375 | D:4      | Reached skill level 8 in Bows
  3839 | D:4      | Noticed HEYYEYAAE's ghost (novice TrBe)
  3848 | D:4      | Found a shattered altar of Ashenzari.
  4102 | D:5      | Entered Level 5 of the Dungeon
  4118 | D:5      | Reached skill level 5 in Fighting
  4257 | D:5      | HP: 2/56 [phantom (5)]
  4587 | D:5      | Reached XP level 7. HP: 61/61 MP: 7/7
  4670 | D:5      | Reached skill level 9 in Bows
  5383 | D:5      | Found a runed door.
  5388 | D:5      | Noticed Crazy Yiuf
  5402 | D:5      | Killed Crazy Yiuf
  5412 | D:5      | Got a slimy mace
  5413 | D:5      | Identified the cursed +1 mace of the Final Decision {drain, Str+4} (You found it on level 5 of the Dungeon)
  5639 | D:6      | Reached skill level 10 in Bows
  5668 | D:5      | Reached XP level 8. HP: 44/71 MP: 8/8
  6202 | D:6      | Noticed Blork the orc
  6208 | D:6      | Killed Blork the orc
  6281 | D:6      | Found a sacrificial altar of Ru.
  6452 | D:6      | Reached skill level 11 in Bows
  6461 | D:6      | Gained mutation: Your magical capacity is low. (-10% MP) [mutagenic meat]
  6816 | D:5      | HP: 2/74 [wight/falchion (3)]
  6817 | D:5      | Gained mutation: You are robust. (+10% HP) [potion of mutation]
  6817 | D:5      | Gained mutation: You have a pair of small horns on your head. [potion of mutation]
  6817 | D:5      | Slain by a wight

Vault maps used:
D:1:      dpeg_arrival_subterranean_lakeside_camping
D:2:      ecumenical_altar_1, bh_walls_and_bars, uniq_robin
D:3:      minmay_misc_feat_plants, minmay_misc_feat_rugged
D:4:      serial_shops, shop, ashenzari_altar_1
D:5:      first_bread, minmay_misc_feat_iff, uniq_crazy_yiuf_cottage
D:6:      nicolae_ru_sacrificial_ziggurat, minmay_unpleasant_kobolds,
          uniq_blork_the_orc

Skill      XL: |  1  2  3  4  5  6  7  8 |
---------------+-------------------------+-----
Bows           | 6 7 8 10 11 | 11.2
Fighting       | 3 4 5 6 7 |  7.8
Dodging        | |  1.3
Stealth        | |  0.4

Action                   |  1- 3 |  4- 6 |  7- 9 || total
-------------------------+-------+-------+-------++-------
Melee: Short sword       |   152 |   113 |       ||   265
       Kick              |    28 |    56 |    70 ||   154
       Rapier            |       |   106 |   137 ||   243
       Mace              |       |       |   137 ||   137
 Fire: Shortbow          |     8 |    49 |    18 ||    75
  Use: Potion            |       |       |     2 ||     2
 Stab: Sleeping          |       |       |     2 ||     2
  Eat: Chunk             |     1 |     6 |     6 ||    13
       Bread ration      |       |     1 |       ||     1
Armor: Leather armour    |   102 |    64 |       ||   166
       Ring mail         |       |    26 |   177 ||   203
Dodge: Dodged            |   102 |    93 |   143 ||   338
